 Dungeon Crawl Stone Soup version 0.23.2-1-ga50397a (webtiles) character file.

Game seed: 6695530783790609748

80 Iscandelvey the Vexing (level 4, 0/32 HPs)
             Began as a Demonspawn Arcane Marksman on Apr 22, 2019.
             Slain by a goblin
             ... wielding a +0 club
              (4 damage)
             ... on level 2 of the Dungeon.
             The game lasted 00:03:25 (2069 turns).

Iscandelvey the Vexing (Demonspawn Arcane Marksman) Turns: 2069, Time: 00:03:26

Health: 0/32       AC:  2    Str: 10    XL:     4   Next: 18%
Magic:  4/6        EV: 13    Int: 15    God:
Gold:   71         SH:  4    Dex: 14    Spells: 4/5 levels left

rFire    . . .     SeeInvis .   e - +0 hand axe
rCold    . . .     Gourm    .   (no shield)
rNeg     . . .     Faith    .   a - +0 robe
rPois    .         Spirit   .   (no helmet)
rElec    .         Reflect  .   (no cloak)
rCorr    .         Harm     .   (no gloves)
MR       .....                  (no boots)
Stlth    ++........             (no amulet)
HPRegen  0.10/turn              (no ring)
MPRegen  0.10/turn              (no ring)

@: no status effects
A: large bone plates 1
a: no special abilities


You were on level 2 of the Dungeon.
You were not hungry.

You visited 1 branch of the dungeon, and saw 2 of its levels.

You collected 71 gold pieces.

Inventory:

Hand Weapons
 e - a +0 hand axe (weapon)
 i - a +0 hunting sling
Missiles
 c - 2 javelins (quivered)
 d - 2 throwing nets
 m - 6 needles of confusion
Armour
 a - a +0 robe (worn)
Scrolls
 b - 2 scrolls of identify {unknown}
 j - a scroll of noise {unknown}
 n - a scroll of teleportation {unknown}
Potions
 g - a potion of flight {unknown}
 h - a potion of lignification {unknown}
 k - a potion of agility {unknown}
Comestibles
 f - 2 rations
 l - 2 chunks of flesh


   Skills:
 - Level 1.2 Fighting
 - Level 1.1 Axes
 * Level 2.3 Throwing
 + Level 2.6 Dodging
 - Level 0.6 Stealth
 * Level 1.3 Spellcasting
 - Level 3.4 Hexes


You had 4 spell levels left.
You knew the following spells:

 Your Spells              Type           Power        Failure   Level  Hunger
a - Corona                Hex            ##.....      6%          1    ##.....

Your spell library contained the following spells:

 Spells                   Type           Power        Failure   Level  Hunger
 Slow                     Hex            ##......     9%          2    ###....
 Inner Flame              Hex/Fire       #.......     34%         3    ####...
 Portal Projectile        Hex/Tloc       #.....       34%         3    ####...
 Cause Fear               Hex            ##........   52%         4    #####..
 Leda's Liquefaction      Hex/Erth       #.........   75%         4    #####..


Dungeon Overview and Level Annotations

Branches:
Dungeon (2/15)

Altars:


Innate Abilities, Weirdness & Mutations

You are partially covered in large bone plates. (SH +4)


Message History

Jessica is lightly wounded.
Jessica closely misses you. The goblin hits you with a +0 club.
Throwing (i - inventory. (/) - cycle)
c - 4 javelins (quivered)
Press: ? - help, Shift-Dir - straight line, f/p - Jessica
Aim: Jessica, wearing a +0 robe (lightly wounded, fast)
You throw a javelin. The javelin barely misses Jessica.
Jessica misses you. Jessica gestures at you while chanting.
Pain shoots through your body!
* * * LOW HITPOINT WARNING * * *
The goblin closely misses you.
Throwing (i - inventory. (/) - cycle)
c - 3 javelins (quivered)
Press: ? - help, Shift-Dir - straight line, f/p - Jessica
Aim: Jessica, wearing a +0 robe (lightly wounded, fast)
You throw a javelin. The javelin hits Jessica!
You kill Jessica!
You have reached level 4!
You feel agile. The goblin hits you but does no damage.
You barely miss the goblin. The goblin hits you with a +0 club.
You die...

###.###.#........#...
.....# #......#.....
###.#.#.###..###..##...
.............# ##.#...#
##.#.#.###..# #...###
#.#...#.#####.###
.#.###(###.#.#.....#
.......[.....#.###.#
######@###### #.# #g#
#.# #.# #.# #.. #.#####
### ###...... #......#.
##.....#. ##....#.
##...#.


You could see a goblin.

Vanquished Creatures
  Jessica (D:2)
  An adder (D:2)
  An ooze (D:1)
  2 worms (D:2)
  A dart slug (D:2)
  A leopard gecko (D:2)
  2 giant cockroaches (D:1)
  2 hobgoblins
  6 jackals (D:1)
  A ball python (D:1)
  4 bats
  2 frilled lizards (D:1)
  2 goblins
  4 kobolds
  5 rats
35 creatures vanquished.

Notes
Turn   | Place    | Note
-------+----------+-------------------------------------------
     0 | D:1      | Iscandelvey the Demonspawn Arcane Marksman began the quest
                  | for the Orb.
     0 | D:1      | Reached XP level 1. HP: 15/15 MP: 2/2
   134 | D:1      | Gained mutation: You are partially covered in large bone
                  | plates. (SH +4) [demonic ancestry]
   134 | D:1      | Reached XP level 2. HP: 11/21 MP: 3/3
  1408 | D:2      | Reached XP level 3. HP: 26/26 MP: 4/4
  1704 | D:2      | Reached skill level 1 in Axes
  2061 | D:2      | Noticed Jessica
  2068 | D:2      | Killed Jessica
  2068 | D:2      | Reached XP level 4. HP: 4/32 MP: 4/6
  2069 | D:2      | Slain by a goblin

Skill      XL: |  1  2  3 |
---------------+----------+-----
Dodging        | 2 |  2.6
Throwing       | 2 |  2.3
Axes           | 1 |  1.1
Fighting       | |  1.2
Stealth        | |  0.6
Spellcasting   | |  1.3
Hexes          | |  3.4

Action                   |  1- 3 |  4- 6 || total
-------------------------+-------+-------++-------
Melee: Hand axe          |   111 |     1 ||   112
       Unarmed           |     3 |       ||     3
Throw: Javelin           |    22 |       ||    22
 Stab: Sleeping          |     3 |       ||     3
  Eat: Chunk             |     4 |       ||     4
Armor: Robe              |    25 |     1 ||    26
Dodge: Dodged            |    93 |       ||    93
Block: Other             |    19 |       ||    19
